 Dungeon Crawl Stone Soup version bcrawl-1.19-7-g22fd707d3b (webtiles) character file.

Game seed: 10276262434323952581

226 Freyura the Slasher (level 5, -1/41 HPs)
             Began as a Demonspawn Gladiator on Nov 16, 2019.
             Slain by an ogre
             ... wielding a +0 giant club
              (23 damage)
             ... on level 4 of the Dungeon.
             The game lasted 00:10:44 (2884 turns).

Freyura the Slasher (Demonspawn Gladiator)          Turns: 2884, Time: 00:10:45

Health: -1/41      AC:  6    Str: 14    XL:     5   Next: 69%
Magic:  5/5        EV: 12    Int:  9    God:
Gold:   191        SH:  1    Dex: 16    Spells: 4/4 levels left

rFire    . . .     SeeInvis +   a - +1 long sword
rCold    . . .     Gourm    .   (no shield)
rNeg     . . .     Faith    .   m - +0 ring mail
rPois    .         Spirit   .   c - +0 helmet
rElec    .         Reflect  .   (no cloak)
rCorr    .         Harm     .   (no gloves)
MR       .....                  (no boots)
Stlth    +.........             (no amulet)
HPRegen  0.13/turn              p - ring of see invisible
MPRegen  0.09/turn              (no ring)

@: no status effects
A: claws 1, demonic guardian 1
a: no special abilities


You were on level 4 of the Dungeon.
You were hungry.

You visited 1 branch of the dungeon, and saw 4 of its levels.

You collected 191 gold pieces.

Inventory:

Hand Weapons
 a - a +1 long sword (weapon)
Missiles
 d - 3 throwing nets (quivered) {!f}
Armour
 c - a +0 helmet (worn)
 m - a +0 ring mail (worn)
 n - a +0 large shield
Jewellery
 p - a ring of see invisible (left claw)
Scrolls
 b - a scroll of remove curse
 e - a scroll of identify
 g - 3 scrolls of amnesia
 j - a scroll of enchant weapon
Potions
 h - 2 potions of flight
 o - 2 potions of lignification
 q - a potion of brilliance {unknown}
 r - a potion of haste {unknown}
 s - 2 potions of mutation {unknown}
Comestibles
 f - 9 rations {!d}


   Skills:
 + Level 3.0 Fighting
 * Level 4.1 Long Blades
 - Level 1.7 Throwing
 + Level 1.9 Armour
 + Level 3.5 Dodging
 + Level 1.2 Shields


You had 4 spell levels left.
You didn't know any spells.
Your spell library was empty.

Dungeon Overview and Level Annotations

Branches:
Dungeon (4/12)
 Temple: D:4-7

Altars:
Fedhas

Annotations:
D:3 1 runed translucent door, Quickbrownfox's ghost, amateur KoSk


Innate Abilities, Weirdness & Mutations

You have sharp fingernails.
A weak demonic guardian rushes to your aid.


Message History

The ogre shouts!
You completely miss the ogre. The ogre closely misses you.
The ogre hits your white imp with a +0 giant club!
Your white imp dies!
You hit the ogre.
The ogre is lightly wounded.
The ogre misses you.
You slash the ogre!
The ogre is heavily wounded.
The ogre barely misses you.
You hit the ogre.
The ogre is severely wounded.
The ogre hits you with a +0 giant club!!
You are too injured to fight recklessly!
You are too injured to fight recklessly!
You are too injured to fight recklessly!
You are too injured to fight recklessly!
The ogre hits you with a +0 giant club!!
Ouch! That really hurt!
You die...

## .## ### .. ..# ##
.###.# #.# ##.##.# .(.
#.###..##O####.# #..
#.#.....@.!...# #..
#.############ #.# #.###
#.# #...#
##############.# ###.#
#.......#...##.# #.#
#...>...#.#....## #.#
#.............##. #.#
#................
####.####........#....#..


You could see an ogre.

Vanquished Creatures
  An ogre (D:3)
  A crimson imp (D:3)
  A bullfrog skeleton (D:4)
  An adder (D:4)
  4 oozes
  2 worms
  2 dart slugs
  4 leopard geckos
  7 orcs (D:3)
  A ball python (D:1)
  A giant cockroach (D:3)
  5 goblins
  10 hobgoblins
  5 jackals
  A quokka (D:3)
  5 bats
  2 frilled lizards
  11 kobolds
  A rat (D:3)
65 creatures vanquished.

Vanquished Creatures (collateral kills)
  A kobold (D:3)
1 creature vanquished.

Grand Total: 66 creatures vanquished

Notes
Turn   | Place    | Note
-------+----------+-------------------------------------------
     0 | D:1      | Freyura the Demonspawn Gladiator began the quest for the
                  | Orb.
     0 | D:1      | Reached XP level 1. HP: 16/16 MP: 1/1
   246 | D:1      | Gained mutation: A weak demonic guardian rushes to your
                  | aid. [demonic ancestry]
   246 | D:1      | Reached XP level 2. HP: 7/22 MP: 2/2
   253 | D:1      | HP: 1/22 [bat (1)]
   256 | D:1      | Reached skill level 3 in Long Blades
  1183 | D:1      | Reached XP level 3. HP: 27/28 MP: 3/3
  1273 | D:2      | Reached skill level 1 in Armour
  1387 | D:2      | Found a faded altar of an unknown god.
  1506 | D:2      | Found a blossoming altar of Fedhas.
  1839 | D:3      | Gained mutation: You have sharp fingernails. [demonic
                  | ancestry]
  1839 | D:3      | Reached XP level 4. HP: 23/34 MP: 4/4
  2301 | D:3      | Noticed an ogre
  2310 | D:3      | Killed an ogre
  2310 | D:3      | Reached skill level 1 in Shields
  2310 | D:3      | Reached XP level 5. HP: 40/40 MP: 5/5
  2543 | D:3      | Found a runed translucent door.
  2544 | D:3      | Noticed Quickbrownfox's ghost (amateur KoSk)
  2646 | D:3      | Reached skill level 4 in Long Blades
  2879 | D:4      | Noticed an ogre
  2884 | D:4      | Slain by an ogre

Skill      XL: |  1  2  3  4  5 |
---------------+----------------+-----
Long Blades    | 3 4 |  4.1
Armour         | 1 |  1.9
Dodging        | 3 |  3.5
Shields        | 1 |  1.2
Fighting       | 3 |  3.0
Throwing       | |  1.7

Action                   |  1- 3 |  4- 6 || total
-------------------------+-------+-------++-------
Melee: Long sword        |   178 |    96 ||   274
  Use: Scroll            |       |     8 ||     8
 Stab: Distracted        |       |     1 ||     1
  Eat: Chunk             |     3 |     3 ||     6
Armor: Leather armour    |    30 |       ||    30
       Ring mail         |    39 |    35 ||    74
Dodge: Dodged            |   142 |    64 ||   206
Block: Other             |     4 |       ||     4
